 Dungeon Crawl Stone Soup version 0.30.0-29-ga12c61a403 (webtiles) character file.

Game seed: 14607342662604961342

2592 seaoflcl the Charlatan (level 9, -2/55 HPs)
             Began as a Djinni Fire Elementalist on June 10, 2023.
             Was a Believer of Makhleb.
             Slain by a hornet (13 damage)
             ... on level 9 of the Dungeon.
             The game lasted 00:27:49 (8228 turns).

seaoflcl the Charlatan (Djinni Fire Elementalist)   Turns: 8228, Time: 00:27:50

Health: -2/55      AC: 11    Str:  7    XL:     9   Next: 89%
Gold:   408        EV: 11    Int: 22    God:    Makhleb [**....] SH:  0 Dex: 13

rFire   + + .        e - staff of death
rCold   x . .        (no shield)
rNeg    + + .        j - +3 ring mail of Gitiytea {rPois Regen+}
rPois   ∞            (no helmet)
rElec   .            z - +0 cloak
rCorr   +            d - +0 pair of gloves
SInv    .            (boots unavailable)
Will    .....        (no amulet)
Stlth   ++           q - ring of positive energy
HPRegen 1.09/turn    k - ring of resist corrosion
MPRegen 0.00/turn

%: infuse magic (-3 HP)
@: flying
A: sickness immunity, fire resistance 2, cold vulnerability 1, float, innate
caster, HP casting, extra vitality 1
a: Renounce Religion, Minor Destruction


You were on level 9 of the Dungeon.
You worshipped Makhleb.
Makhleb was pleased with you.
You visited 2 branches of the dungeon, and saw 10 of its levels.
You also visited: Sewer and Ossuary.

You collected 408 gold pieces.

Inventory:

Armour
 a - a +0 robe
 d - a +0 pair of gloves (worn)
 j - the +3 ring mail of Gitiytea (worn) {rPois Regen+}
   (You found it on level 2 of the Dungeon)

   rPois:     It protects you from poison.
   Regen:     It increases your rate of health regeneration.
 z - a +0 cloak (worn)
Magical Staves
 e - a staff of death (weapon)
Jewellery
 c - a ring of poison resistance
 k - a ring of resist corrosion (right hand)
 q - a ring of positive energy (left hand)
 F - a +4 ring of slaying
Wands
 G - a wand of polymorph (11)
Scrolls
 h - a scroll of amnesia
 i - 6 scrolls of teleportation
 m - a scroll of noise
 r - 3 scrolls of enchant armour
 s - a scroll of enchant weapon
 w - a scroll of silence {unknown}
 x - a scroll of poison {unknown}
 y - a scroll of torment {unknown}
 C - 2 scrolls of magic mapping
 D - a scroll of vulnerability {unknown}
 E - 3 scrolls of fear {unknown}
 H - a scroll of blinking {unknown}
Potions
 b - 8 potions of curing
 f - a potion of magic
 g - 2 potions of degeneration
 l - a potion of lignification
 n - a potion of flight
 o - 2 potions of haste
 p - 4 potions of mutation
 t - a potion of might
 u - a potion of cancellation {unknown}
 v - a potion of invisibility {unknown}
 A - 3 potions of attraction
 B - 2 potions of heal wounds


   Skills:
 + Level 3.8 Staves
 + Level 4.0 Armour
 + Level 5.3 Dodging
 + Level 4.4 Stealth
 * Level 5.3 Spellcasting
 + Level 1.7 Invocations
 * Level 6.0 Evocations


You knew the following spells:

 Your Spells              Type           Power      Damage    Failure   Level
a - Foxfire               Conj/Fire      100%       2x1d9     3%          1
b - Scorch                Fire           58%        2d7       4%          2
c - Volatile Blastmotes   Fire/Tloc      58%        2d14      10%         3
d - Inner Flame           Hex/Fire       29%        N/A       10%         3
e - Flame Wave            Conj/Fire      29%        2d9       32%         4
f - Summon Small Mammal   Summ           100%       N/A       3%          1
g - Call Imp              Summ           58%        N/A       4%          2
h - Stone Arrow           Conj/Erth      58%        3d10      10%         3
i - Gell's Gravitas       Tloc           29%        N/A       10%         3
Your spell library was empty.

Dungeon Overview and Level Annotations

Branches:
Dungeon (9/15)             Temple (1/1) D:6            Lair (0/5) D:8
  Sewer (visited)         Ossuary (visited)
    Orc: D:9-12

Altars:
Cheibriados
Elyvilon
Fedhas
Gozag
Hepliaklqana
Makhleb
Nemelex Xobeh
Okawaru
Trog
Uskayaw
Wu Jian
Yredelemnul
Zin
The Shining One

Annotations:
D:3 1 runed translucent door, Crazy Yiuf


Innate Abilities, Weirdness & Mutations

You are immune to sickness and miasma.
You are immune to poison.
Your flesh is very heat resistant. (rF++)
You are vulnerable to cold. (rC-)
You float through the air rather than walking.
You learn spells naturally, not from books.
Your magical power is your life essence.
You have superior vitality. (+4 MHP)


Message History

Casting: Scorch (safe; 4% risk of failure)
Confirm with . or Enter, or press ? or * to list all spells.
Flames lash the sky beast.
The sky beast is lightly wounded.
The sky beast's fire resistance burns away.
The hornet stings you.
A hornet comes into view.
The sky beast flickers out of sight!
Deactivating autopickup; reactivate with Ctrl-A.
The hornet misses you. The hornet stings you.
The hornet stings you but does no damage.
You fly downwards.
Reactivating autopickup.
There is a stone staircase leading up here.
Casting: Scorch (safe; 4% risk of failure)
Confirm with . or Enter, or press ? or * to list all spells.
Flames lash the hornet.
The hornet is burned terribly!
The hornet is heavily wounded.
The hornet stings you. The hornet stings you!
* * * LOW HITPOINT WARNING * * *
The hornet barely misses you. The hornet stings you.
* * * LOW HITPOINT WARNING * * *
Okay, then.
You feel much better. The hornet barely misses you. The hornet stings you!
Casting: Scorch (safe; 4% risk of failure)
Confirm with . or Enter, or press ? or * to list all spells.
Flames lash the hornet.
The hornet is moderately wounded.
The hornet's fire resistance burns away.
The hornet stings you. The hornet closely misses you.
The hornet completely misses you. The hornet stings you!
* * * LOW HITPOINT WARNING * * *
Casting: Scorch (safe; 4% risk of failure)
Confirm with . or Enter, or press ? or * to list all spells.
Flames lash the hornet.
The hornet is burned terribly!
The hornet is severely wounded.
* * * LOW HITPOINT WARNING * * *
The hornet stings you!
You die...

#.# #.#
#.# #.#
#.# #.#
#y######.
#@y......
########.


You could see 2 hornets.

Vanquished Creatures
  Sigmund (D:6)
  A water moccasin (D:6)
  2 sky beasts
  3 centaurs
  A phantom (D:5)
  2 kobold brigands
  An elf zombie (Ossuary)
  2 bullfrogs
  2 scorpions
  A wight (D:8)
  5 killer bees (D:7)
  4 howler monkeys (D:8)
  3 human zombies (Ossuary)
  2 centaur zombies (Ossuary)
  5 hounds
  2 orc priests
  A sleepcap (D:6)
  3 iguanas
  An orc wizard (D:6)
  Terence (D:3)
  2 hound zombies (Ossuary)
  4 mummies
  3 gnolls (D:4)
  2 river rats
  11 adders
  A shadow imp (D:7)
  2 white imps
  An ufetubus (D:6)
  4 adder zombies (Ossuary)
  3 worms
  2 dart slugs
  21 orcs
  3 bats
  6 endoplasms
  4 giant cockroaches
  6 goblins
  6 hobgoblins
  4 jackals (D:1)
  20 kobolds
  5 quokkas
  16 ball pythons
  8 frilled lizards
  A goblin zombie (Ossuary)
  2 hobgoblin zombies (Ossuary)
  4 jackal zombies (Ossuary)
  3 kobold zombies (Ossuary)
  2 orc zombies (Ossuary)
  6 quokka zombies (Ossuary)
  14 rats
  6 rat zombies (Ossuary)
215 creatures vanquished.

Vanquished Creatures (others)
  389 foxfires
389 creatures vanquished.

Grand Total: 604 creatures vanquished

Notes
Turn   | Place    | Note
-------+----------+-------------------------------------------
     0 | D:1      | seaoflcl the Djinni Fire Elementalist began the quest for
                  | the Orb.
     0 | D:1      | seaoflcl set off with the following spells memorised:
                  | Foxfire, Scorch, Volatile Blastmotes, Inner Flame, Flame
                  | Wave.
     0 | D:1      | Reached XP level 1. HP: 15/15 MP: 0/0
    27 | D:1      | Reached XP level 2. HP: 15/21 MP: 0/0
   514 | D:1      | Reached XP level 3. HP: 23/25 MP: 0/0
   514 | D:1      | Learned a level 1 spell: Summon Small Mammal
   663 | D:1      | Reached skill level 1 in Evocations
  1257 | D:2      | Identified the +3 ring mail of Gitiytea {rPois Regen+}
  1694 | D:2      | Reached XP level 4. HP: 31/31 MP: 0/0
  2236 | D:3      | Noticed Terence
  2249 | D:3      | Killed Terence
  2307 | D:3      | Found a basalt altar of Yredelemnul.
  2513 | D:3      | Reached XP level 5. HP: 35/35 MP: 0/0
  2513 | D:3      | Learned a level 2 spell: Call Imp
  2546 | D:3      | Found a runed translucent door.
  2547 | D:3      | Noticed Crazy Yiuf
  2571 | D:3      | Reached skill level 1 in Staves
  2592 | D:3      | Identified the +10 spear of Filaeggo {protect, Int+3
                  | Stlth+}
  3175 | D:4      | Reached skill level 1 in Armour
  3175 | D:4      | Reached skill level 2 in Evocations
  3517 | D:4      | Reached XP level 6. HP: 28/40 MP: 0/0
  3903 | D:5      | Entered Level 5 of the Dungeon
  3903 | D:5      | Found a glowing drain.
  3948 | Sewer    | Entered a sewer
  4245 | D:5      | Reached XP level 7. HP: 45/45 MP: 0/0
  4245 | D:5      | Learned a level 3 spell: Stone Arrow
  4327 | D:5      | Reached skill level 3 in Evocations
  5622 | D:6      | Found a glowing silver altar of Zin.
  5641 | D:6      | Reached XP level 8. HP: 41/50 MP: 0/0
  5724 | D:6      | Reached skill level 4 in Evocations
  6031 | D:6      | Found a staircase to the Ecumenical Temple.
  6078 | Temple   | Entered the Ecumenical Temple
  6183 | Temple   | Became a worshipper of Makhleb the Destroyer
  6322 | D:6      | Noticed Sigmund
  6336 | D:6      | Killed Sigmund
  6477 | D:7      | Reached XP level 9. HP: 37/55 MP: 0/0
  6477 | D:7      | Learned a level 3 spell: Gell's Gravitas
  6480 | D:7      | Reached skill level 5 in Evocations
  6551 | D:7      | Found a sand-covered staircase.
  6561 | Ossuary  | Entered an ossuary
  6821 | Ossuary  | Reached * piety under Makhleb
  6871 | Ossuary  | Reached skill level 5 in Spellcasting
  7122 | D:7      | Reached skill level 5 in Dodging
  7291 | D:7      | You are sucked into a shaft and drop 1 floor!
  7369 | D:8      | Found a staircase to the Lair.
  7474 | D:8      | Reached skill level 1 in Invocations
  7744 | D:8      | Reached ** piety under Makhleb
  8059 | D:8      | Reached skill level 6 in Evocations
  8091 | D:8      | Found a snail-covered altar of Cheibriados.
  8209 | D:8      | Noticed a hornet
  8222 | D:8      | Noticed a hornet
  8228 | D:9      | Slain by a hornet

Illustrated notes

Levels and vault maps discovered:
D:1:      dpeg_arrival_refuge, layout_basic
D:2:      layout_basic, minmay_between
D:3:      layout_basic, nicolae_overflow_crystal_walls, uniq_terence,
          uniq_crazy_yiuf_cottage
D:4:      layout_rooms, chequers_serial_rivers_marsh
D:5:      layout_loops_corners, portal_sewer_entry_a
D:6:      layout_basic, mainiacjoe_overflow_catwalk,
          minmay_temple_entry_antechambers, nicolae_benzene_ring, uniq_sigmund
D:7:      layout_loops_ring, gup_ossuary_entry_pyramid, enter_bailey_7
D:8:      layout_basic, mainiacjoe_overflow_alcove_2,
          mainiacjoe_overflow_cross_hatched, lair_entry_dummy, uniq_joseph
D:9:      layout_loops_ring, hangedman_ru_absence, grunt_temple_overflow_diamond
Temple:   compressed_dpeg_triangle_lava_temple

Skill      XL: |  1  2  3  4  5  6  7  8  9 |
---------------+----------------------------+-----
Stealth        | 2 3 4 |  4.4
Evocations     | 1 2 3 4 6 |  6.0
Spellcasting   | 3 4 5 |  5.3
Staves         | 1 2 3 |  3.8
Armour         | 1 2 3 4 |  4.0
Dodging        | 3 4 5 |  5.3
Invocations    | 1 |  1.7

Action                     |  1- 3 |  4- 6 |  7- 9 || total
---------------------------+-------+-------+-------++-------
  Melee: Staff             |    30 |    54 |    23 ||   107
         Punch             |     3 |       |       ||     3
   Cast: Foxfire           |    57 |    90 |   100 ||   247
         Summon Small Mamm |     1 |       |       ||     1
         Scorch            |       |    36 |   173 ||   209
         Stone Arrow       |       |       |     6 ||     6
         Call Imp          |       |       |     1 ||     1
         Gell's Gravitas   |       |       |     1 ||     1
         Volatile Blastmot |       |       |     1 ||     1
    Use: Scroll            |       |     4 |    12 ||    16
         Potion            |       |       |     4 ||     4
 Armour: Robe              |     3 |       |       ||     3
         Ring mail         |     4 |    58 |   109 ||   171
  Dodge: Dodged            |    16 |    57 |   155 ||   228
